 Dungeon Crawl Stone Soup version 0.29-a0-789-g7a8fcbc185 (webtiles) character file.

Game seed: 8686723698607023420

249772 Zonian the Merchant of Misery (level 19, -4/95 HPs)
             Began as a Vine Stalker Necromancer on July 1, 2022.
             Was a Believer of Kikubaaqudgha.
             Killed from afar by a deep elf knight (17 damage)
             ... with a shard of ice
             ... on level 1 of the Elven Halls on July 2, 2022.
             The game lasted 05:08:59 (46694 turns).

Zonian the Merchant of Misery (VSNe)               Turns: 46694, Time: 05:09:08

Health: -4/95      AC: 21    Str: 15    XL:     19   Next: 61%
Magic:  0/42       EV: 18    Int: 15    God:    Kikubaaqudgha [**....]
Gold:   1128       SH:  0    Dex: 22    Spells: 2/37 levels left

rFire   . . .      SeeInvis .   f - +6 short sword (flame)
rCold   . . .      Faith    +   (no shield)
rNeg    . . .      Spirit   +   r - +4 troll leather armour {Snorg}
rPois   .          Reflect  .   o - +1 helmet "Qicwablu" {+Inv}
rElec   .          Harm     .   N - scarf {repulsion}
rCorr   .          Rampage  .   a - +2 pair of gloves {Str+3}
Will    ++...                   C - +2 pair of boots
Stlth   +++++++...              l - amulet of faith
HPRegen 1.85/turn               E - ring of magical power
MPRegen 0.28/turn               c - +4 ring of protection

@: repel missiles
A: fangs 3, regeneration 1, magic shield, antimagic bite, no potion heal 2
}: 2/15 runes: barnacled, gossamer
a: Renounce Religion, Evoke Invisibility, Unearth Wretches


You were on level 1 of the Elven Halls.
You worshipped Kikubaaqudgha.
Kikubaaqudgha was pleased with you.
You visited 7 branches of the dungeon, and saw 33 of its levels.
You visited the Abyss 1 time.
You also visited: Ossuary and Bailey.

You collected 3169 gold pieces.
You spent 2041 gold pieces at shops.

Inventory:

Hand Weapons
 b - a +1 rapier of speed
 f - a +6 short sword of flaming (weapon)
 g - the +4 shortbow of Plague {speed, rElec rC+ Str+2 SInv}
   (You bought it in a shop on level 3 of the Dungeon)

   Attacks with this weapon are significantly faster.
   Str:       It affects your strength (+2).
   rC:        It protects you from cold.
   rElec:     It insulates you from electricity.
   SInv:      It lets you see invisible.
 h - the +10 arbalest of the Final Decision {elec, rF++ rC+++ MP-9 Str+3}
   (You bought it in a shop on level 3 of the Dungeon)

   Any ammunition fired from it occasionally discharges a powerful burst of
   electricity upon striking a foe.
   Str:       It affects your strength (+3).
   rF:        It greatly protects you from fire.
   rC:        It renders you almost immune to cold.
   MP:        It affects your magic capacity (-9).
 P - the +7 arbalest "Goblinbane" {elec, rPois rC+ Int+7 Dex-5}
   (You found it on level 1 of the Lair of Beasts)

   Any ammunition fired from it occasionally discharges a powerful burst of
   electricity upon striking a foe.
   Int:       It affects your intelligence (+7).
   Dex:       It affects your dexterity (-5).
   rC:        It protects you from cold.
   rPois:     It protects you from poison.
 Y - a +4 short sword of venom
Missiles
 e - 8 curare-tipped darts
 I - 3 throwing nets
 T - 16 javelins
 W - a silver javelin
Armour
 a - a +2 pair of gloves of strength (worn)
 o - the +1 helmet "Qicwablu" (worn) {+Inv}
   (You found it on level 9 of the Dungeon)

   +Inv:      It lets you turn invisible.
 r - a +4 troll leather armour (worn) {Snorg}
 C - a +2 pair of boots (worn)
 K - a +1 leather armour of poison resistance
 N - a scarf of repulsion (worn)
Magical Staves
 G - a staff of death
Jewellery
 c - a +4 ring of protection (right hand)
 l - an amulet of faith (around neck)
 s - the ring of Tomext {rPois rC+}
   (You took it off a spriggan on level 1 of the Lair of Beasts)

   [ring of protection from cold]

   rC:        It protects you from cold.
   rPois:     It protects you from poison.
 x - the ring of Baic {rElec rC+ rN+ Str-2 Stlth+}
   (You acquired it on level 6 of the Dungeon)

   [ring of protection from cold]

   Str:       It affects your strength (-2).
   rC:        It protects you from cold.
   rElec:     It insulates you from electricity.
   rN:        It protects you from negative energy.
   Stlth:     It makes you more stealthy.
 E - a ring of magical power (left hand)
 R - a ring of resist corrosion
 S - a +6 ring of dexterity
 U - a ring of see invisible
Wands
 j - a wand of roots (2)
 q - a wand of light (4)
 F - a wand of mindburst (3)
 V - a wand of iceblast (7)
 X - a wand of flame (37)
Scrolls
 d - 7 scrolls of teleportation
 k - 4 scrolls of blinking
 n - 2 scrolls of fear
 y - a scroll of fog
 B - a scroll of magic mapping
 L - 6 scrolls of poison
 Q - 4 scrolls of summoning
 Z - a scroll of silence
Potions
 i - a potion of curing
 m - 7 potions of flight
 p - 9 potions of ambrosia
 t - 4 potions of brilliance
 u - 4 potions of cancellation
 v - 2 potions of might
 w - 2 potions of magic
 A - a potion of resistance
 H - 2 potions of invisibility
 O - 8 potions of haste
Miscellaneous
 z - a lightning rod (4/4)
 D - a tin of tremorstones (2/2)
 J - a phantom mirror
 M - a condenser vane


   Skills:
 - Level 8.8 Fighting
 - Level 12.0 Short Blades
 + Level 11.0 Ranged Weapons
 - Level 4.0 Armour
 - Level 9.0 Dodging
 - Level 16.6 Stealth
 - Level 9.7 Spellcasting
 - Level 4.1 Conjurations
 - Level 8.0 Hexes
 - Level 16.6 Necromancy
 - Level 6.4 Earth Magic
 - Level 9.3 Evocations


You had 2 spell levels left.
You knew the following spells:

 Your Spells              Type           Power      Damage    Failure   Level
a - Necrotize             Necr           100%       1d9       0%          1
b - Vampiric Draining     Necr           54%        2d9       1%          3
c - Animate Dead          Necr           54%        N/A       1%          4
d - Agony                 Necr           54%        N/A       1%          5
e - Dispel Undead         Necr           54%        3d20      1%          4
f - Anguish               Hex/Necr       22%        N/A       1%          4
g - Borgnjor's Vile Clut  Necr/Erth      20%        N/A       3%          5
h - Dazzling Flash        Conj/Hex       50%        N/A       3%          3
i - Death Channel         Necr           27%        N/A       1%          6

Your spell library contained the following spells:

 Spells                   Type           Power      Damage    Failure   Level
 Sandblast                Erth           52%        2d12      1%          1
 Sublimation of Blood     Necr           54%        N/A       1%          2
 Passwall                 Tmut/Erth      14%        N/A       4%          2
 Apportation              Tloc           14%        N/A       12%         1
 Beastly Appendage        Tmut           14%        N/A       12%         1
 Summon Small Mammal      Summ           28%        N/A       12%         1
 Poisonous Vapours        Pois/Air       14%        N/A       19%         2
 Wereblood                Tmut           7%         N/A       19%         2
 Confusing Touch          Hex            31%        N/A       1%          3
 Stone Arrow              Conj/Erth      46%        3d9       4%          3
 Leda's Liquefaction      Hex/Erth       14%        N/A       6%          4
 Corpse Rot               Necr/Pois/Air  23%        N/A       13%         4
 Mephitic Cloud           Conj/Pois/Air  11%        N/A       22%         3
 Lee's Rapid Deconstruct  Erth           13%        3d10*     24%         5
 Petrify                  Tmut/Erth      17%        N/A       32%         4
 Ignite Poison            Fire/Tmut/Pois 7%         N/A       36%         3
 Spider Form              Tmut/Pois      7%         N/A       36%         3
 Iskenderun's Mystic Bla  Conj/Tloc      13%        2d5       47%         4
 Metabolic Englaciation   Hex/Ice        9%         N/A       54%         5
 Summon Mana Viper        Hex/Summ       19%        N/A       54%         5
 Yara's Violent Unravell  Hex/Tmut       9%         3d6       54%         5
 Simulacrum               Ice/Necr       16%        N/A       54%         6
 Summon Ice Beast         Ice/Summ       7%         N/A       77%         4
 Freezing Cloud           Conj/Ice/Air   5%         6-21      89%         5
 Summon Forest            Summ/Tloc      3%         N/A       98%         5
 Enfeeble                 Hex            15%        N/A       98%         7
 Statue Form              Tmut/Erth      11%        N/A       99%         6
 Eringya's Noxious Bog    Tmut/Pois      3%         N/A       100%        6
 Starburst                Conj/Fire      6%         6d4       100%        6
 Monstrous Menagerie      Summ           3%         N/A       100%        7
 Summon Hydra             Summ           3%         N/A       100%        7
 Death's Door             Necr           27%        N/A       100%        9


Dungeon Overview and Level Annotations

Branches:
Dungeon (15/15)            Temple (1/1) D:5            Lair (6/6) D:10
 Shoals (4/4) Lair:2       Spider (4/4) Lair:2        Slime (0/5) Lair:6
    Orc (2/2) D:9             Elf (1/3) Orc:2        Vaults (0/5) D:13
 Depths (0/4) D:15        Ossuary (visited)          Bailey (visited)

Altars:
Ashenzari
Cheibriados
Dithmenos
Elyvilon
Fedhas
Gozag
Hepliaklqana
Kikubaaqudgha
Makhleb
Nemelex Xobeh
Okawaru
Qazlal
Ru
Sif Muna
Trog
Uskayaw
Vehumet
Wu Jian
Xom
Yredelemnul
Zin
The Shining One

Shops:
D:3 (   D:5 (   D:7 *   Orc:1 (   Orc:2 [((=   Elf:1 =   Shoals:3 :

Portals:
Trove: D:11 (give 4 potions of resistance)

Annotations:
D:5 Edmund, Sigmund
D:8 Amaemon
Lair:1 exclusion: 3 oklob plants
Shoals:3 Mlioglotl, Roxanne


Innate Abilities, Weirdness & Mutations

You have razor-sharp teeth.
Your natural rate of healing is unusually fast.
When hurt, damage is shared between your health and your magic reserves.
Your bite disrupts and absorbs the magic of your enemies.
Potions cannot restore your health.


Message History

A lance of force appears from out of thin air!
The lance of force misses you.
The deep elf pyromancer gestures wildly while chanting.
The deep elf pyromancer blinks!
Something hits you! x2
Something hits you but does no damage.
Items here: ))) [ †††.
Something blocks your attack.
Your bite misses something. Something hits you!
Unknown command.
You closely miss something. Your punch misses something.
Your bite misses something. Something closely misses you. Something hits you!
Unknown command.
You barely miss something. Something blocks your attack. Something hits you.
A deep elf pyromancer comes into view. It is wielding a +0 rapier.
You hear some strange, mumbled words.
A shard of ice appears from out of thin air!
The shard of ice is repelled.
Something hits you.
Unknown command.
You miss something.
The deep elf pyromancer shouts!
Your punch misses something. Your bite misses something.
You hear a shout! x2
Something hits you. Something closely misses you.
Unknown command.
Something blocks your attack.
Your bite misses something. Something hits you! x2
* * * LOW HITPOINT WARNING * * *
Unknown command.
You miss something.
You hear some strange, mumbled words.
A lance of force appears from out of thin air!
The lance of force hits you!!
* * * LOW HITPOINT WARNING * * *
You are knocked back by the lance of force.
You slam into the rock wall!
Blink to where?
Press: ? - help, Dir - move target
As you read the scroll of blinking, it crumbles to dust.
A shard of ice appears from out of thin air!
The shard of ice hits you!!
You die...
Kikubaaqudgha rasps: "You have failed me!
Welcome... death!"

§§..?..)##.≈§§≈≈.### #.# ##+...
§......'##.≈§≈§§.#.####'####.##..
§.'#####.#.≈§≈≈≈.##.#.....#.####.
§..# ###.§≈≈≈..###'.....'## ##
§..# ##.....## #.......# ..§#
#...##.###.......## ### §§§#
##)###.##.........###.# ##§###
##'##'###.......##?... .....#
##..@###.......#.....
.....########.)...###.....##.....
#....'......'.....# #...))#......
#...#########.....# ###'###......
#'.#'## #......## #.# #......
.#.##.## #{#####'## #.# ##'..[.
######.# #...# ##.# #.###.###.# #
### #...# ######'##.## ### #
#...# #...#'## #.


There were no monsters in sight!

Vanquished Creatures
  A kraken (Shoals:2)
  Ilsuiw (Shoals:2)
  7 ghost moths
  An orc warlord (Orc:2)
  2 frost giants
  6 emperor scorpions
  Louise (Shoals:4)
  Aizul (Shoals:3)
  4 broodmothers
  A stone giant (D:14)
  A deep elf demonologist (Elf:1)
  Nessos (D:15)
  The ghost of Mostra the Thaumaturge, a journeyman DjFE of Gozag (D:14)
  6 entropy weavers
  A dire elephant (Lair:6)
  4 spark wasps
  3 deep elf death magi (Elf:1)
  2 ettins
  7 merfolk javelineers
  10 merfolk impalers
  3 yaktaur captains
  A fire dragon (D:13)
  Josephine (D:15)
  Fannar (Orc:1)
  The ghost of Iamsock the Spear-Bearer, a journeyman DrDe of Trog (Lair:1)
  3 hydras
  An ogre mage (D:13)
  5 boulder beetles
  4 centaur warriors
  A peacekeeper (Elf:1)
  7 jorogumos
  4 vault guards (D:13)
  2 alligator snapping turtles
  3 merfolk avatars
  3 two-headed ogres
  4 catoblepae
  10 radroaches
  3 merfolk aquamancers
  3 dancing weapons (Elf:1)
  4 satyrs (Shoals:3)
  Urug (Lair:1)
  7 death yaks
  4 tengu warriors
  An orc high priest (Orc:2)
  A deep troll shaman (Lair:6)
  7 deep elf knights
  Sonja (D:10)
  7 pharaoh ants
  3 sea snakes (Shoals:3)
  4 deep elf archers
  6 steelbarb worms
  3 orb spiders
  6 deep elf zephyrmancers
  2 ironbound convokers
  9 orc knights
  2 lindwurms
  5 harpies
  15 ugly things
  14 wolf spiders
  7 orc sorcerers
  3 ugly thing zombies
  A cyclops (shapeshifter) (Abyss:3)
  A salamander (shapeshifter) (D:13)
  5 deep elf pyromancers
  8 cyclopes
  3 moths of wrath
  11 manticores
  An oklob plant (Lair:3)
  10 fauns
  6 merfolk sirens
  A vault sentinel (Abyss:3)
  A black mamba (Lair:6)
  6 elephants
  3 water nymphs
  11 cane toads
  A torpor snail (Spider:2)
  2 unseen horrors
  A gargoyle (D:11)
  A rime drake (Lair:5)
  3 kobold demonologists (D:13)
  3 demonic crawlers
  13 komodo dragons
  A freezing wraith (D:9)
  A tengu conjurer (D:10)
  2 merfolk zombies (Shoals:3)
  12 merfolk
  A queen bee (Lair:5)
  5 wind drakes
  7 meliai
  A polar bear (Lair:6)
  4 trolls
  A hornet (Lair:1)
  20 tarantellas
  23 blink frogs
  2 saltlings (Elf:1)
  A hornet (shapeshifter) (D:10)
  Grinder (D:5)
  5 snapping turtles
  6 dream sheep
  2 raiju (Abyss:3)
  2 vampires
  5 spriggans (Lair:1)
  12 jumping spiders
  A spriggan (shapeshifter) (D:15)
  13 culicivoras
  8 water elementals
  An air elemental (Elf:1)
  7 wyverns
  5 wraiths
  A hog (shapeshifter) (D:13)
  3 steam dragons
  5 basilisks
  30 redbacks
  27 yaks
  An unseen horror simulacrum (D:8)
  A fire elemental (Elf:1)
  2 vampire mosquitoes (D:14)
  A warg (Orc:1)
  Duvessa (D:6)
  A floating eye (Lair:1)
  An acid dragon (D:14)
  17 water moccasins
  A sky beast (D:6)
  35 orc warriors
  A black bear (Lair:6)
  4 ice beasts
  A manticore zombie (Shoals:3)
  12 wolves
  6 ogres
  3 centaurs
  A hog zombie (D:13)
  A phantom (D:6)
  2 kobold brigands
  8 bullfrogs
  3 necrophages
  4 scorpions
  An earth elemental (Elf:1)
  12 wights
  Dowan (D:6)
  38 killer bees
  8 howler monkeys
  4 electric eels
  3 hounds
  A jelly (D:6)
  4 boudas
  24 orc priests
  13 iguanas
  Terence (D:2)
  28 orc wizards
  A hell rat (Lair:5)
  11 gnolls
  5 adders
  A river rat (Lair:5)
  A shadow imp (D:7)
  5 white imps
  4 ufetubi
  2 adder zombies (Ossuary)
  2 worms (D:2)
  2 dart slugs
  97 orcs
  A ball python (D:1)
  7 endoplasms
  4 giant cockroaches (D:1)
  10 goblins
  6 hobgoblins
  13 jackals
  2 quokkas
  A ball python skeleton (Ossuary)
  2 bats
  9 frilled lizards (D:10)
  A hobgoblin skeleton (Ossuary)
  10 kobolds
  A kobold zombie (Ossuary)
  2 orc skeletons (Ossuary)
  An orc zombie (Ossuary)
  7 rats
  2 tentacles (Shoals:2)
995 creatures vanquished.

Vanquished Creatures (collateral kills)
  Rupert (D:15)
  Polyphemus (Shoals:3)
  Donald (Spider:4)
  4 emperor scorpions
  3 ghost moths
  2 broodmothers
  A demonspawn black sun (Abyss:3)
  4 entropy weavers
  3 spark wasps
  Snorg (Lair:3)
  A merfolk impaler (Shoals:4)
  3 radroaches
  A boulder beetle (Lair:6)
  2 alligator snapping turtles
  4 jorogumos (Spider:4)
  A vault guard (D:13)
  2 merfolk avatars (Shoals:3)
  A two-headed ogre (D:11)
  A hydra (D:12)
  3 death yaks
  A satyr (Shoals:3)
  A death scarab (Spider:3)
  3 pharaoh ants
  5 sea snakes
  2 steelbarb worms
  5 orb spiders
  A deep elf archer (D:13)
  2 orc knights (Orc:2)
  3 ugly things (D:14)
  9 wolf spiders
  2 fauns
  2 cyclopes
  7 manticores
  Maurice (D:13)
  3 moths of wrath (Spider:4)
  2 black mambas
  2 water nymphs
  A merfolk siren (Shoals:1)
  2 elephants
  A gargoyle (D:13)
  3 cane toads (Lair:6)
  An unseen horror (D:12)
  A komodo dragon (Lair:1)
  A yaktaur (D:13)
  A yaktaur (shapeshifter) (D:13)
  13 merfolk
  3 meliai
  10 tarantellas
  3 wind drakes
  A tarantella zombie (Spider:4)
  A polar bear (Lair:5)
  10 blink frogs
  A dream sheep (D:10)
  5 snapping turtles
  9 jumping spiders (Spider:4)
  2 wraiths
  3 wyverns
  10 yaks
  13 culicivoras
  4 water elementals
  27 redbacks
  A warg (Orc:1)
  2 water moccasins
  4 orc warriors
  11 wolves
  5 killer bees
  A howler monkey (D:13)
  An orc priest (Orc:1)
  4 iguanas (D:10)
  A hell rat (Lair:5)
  13 orcs
  A kobold (D:10)
  7 frilled lizards (D:10)
  A rat (D:1)
  A tentacle (Shoals:2)
270 creatures vanquished.

Vanquished Creatures (others)
  A frost giant (Abyss:3)
  A demonspawn warmonger (Abyss:3)
  5 emperor scorpions
  10 ghost moths
  A broodmother (Spider:1)
  3 entropy weavers
  6 spark wasps
  A deep elf annihilator (Abyss:3)
  2 merfolk impalers (Shoals:3)
  2 merfolk javelineers (Shoals:3)
  A boulder beetle (D:14)
  6 jorogumos
  3 merfolk aquamancers
  A catoblepas (D:12)
  4 radroaches
  3 emperor scorpion zombies
  5 sea snakes
  2 steelbarb worms
  5 ghost moth zombies
  4 orb spiders
  An entropy weaver zombie (Spider:4)
  4 spark wasp zombies
  An orc knight (D:14)
  3 wolf spider zombies (Spider:1)
  4 jorogumo zombies
  A harpy (D:12)
  6 ugly thing zombies
  An orc sorcerer (Orc:2)
  A deep elf zephyrmancer (Abyss:3)
  2 wolf spiders
  2 cyclopes
  4 manticores
  A merfolk siren (Shoals:1)
  A centaur zombie (D:14)
  4 torpor snails
  A catoblepas zombie (D:13)
  3 steelbarb worm zombies
  An alligator snapping turtle zombie (Shoals:4)
  4 redback zombies
  A kobold demonologist (D:10)
  3 sea snake zombies
  5 harpy zombies
  3 merfolk
  2 wind drakes
  7 tarantellas
  3 tarantella zombies
  2 meliai zombies (Spider:1)
  A slime creature (D:13)
  4 jumping spider zombies
  5 culicivora zombies
  5 snapping turtles
  An ettin zombie (Orc:1)
  3 jumping spiders
  5 culicivoras
  5 wind drake zombies
  3 radroach zombies
  5 redbacks
  A tengu zombie (D:14)
  14 merfolk zombies
  A cane toad zombie (Lair:6)
  An orc warrior (Bailey)
  A hornet zombie (D:10)
  7 blink frog zombies
  2 dream sheep zombies (D:10)
  4 snapping turtle zombies
  9 manticore zombies
  6 elephant zombies
  A rime drake zombie (Lair:5)
  A kobold brigand (D:13)
  2 bullfrogs
  A cyclops zombie (D:13)
  A wyvern zombie (Lair:5)
  3 water moccasin zombies
  A warg zombie (Orc:1)
  A troll zombie (Orc:2)
  2 yak zombies
  3 bullfrog zombies
  9 killer bee zombies (Lair:5)
  A human zombie (D:13)
  An ogre zombie (Orc:2)
  2 gnolls (Bailey)
  A gnoll zombie (D:10)
  4 iguana zombies (D:10)
  7 orcs
  An endoplasm (D:12)
  A giant cockroach (D:11)
  A goblin (D:13)
  A hobgoblin (D:14)
  A ball python (D:13)
  A ball python zombie (D:13)
  An endoplasm zombie (D:12)
  2 frilled lizards (D:10)
  3 frilled lizard zombies (D:10)
  A giant cockroach zombie (D:11)
  A hobgoblin zombie (D:14)
  2 kobolds (D:10)
  4 kobold zombies (D:10)
  26 orc zombies
  A rat zombie (D:12)
  66 fungi
  239 plants
  4 starspawn tentacles (Shoals:3)
  9 tentacles (Shoals:2)
626 creatures vanquished.

Grand Total: 1891 creatures vanquished

Notes
Turn   | Place    | Note
-------+----------+-------------------------------------------
     0 | D:1      | Zonian the Vine Stalker Necromancer began the quest for the
                  | Orb.
     0 | D:1      | Reached XP level 1. HP: 9/9 MP: 4/4
   496 | D:1      | Reached XP level 2. HP: 4/13 MP: 3/6
   727 | D:1      | Found a faded altar of an unknown god.
  1082 | D:1      | Reached XP level 3. HP: 16/16 MP: 7/7
  1952 | D:2      | Noticed Terence
  2092 | D:2      | Found a glowing silver altar of Zin.
  2181 | D:2      | Gained mutation: Your natural rate of healing is unusually
                  | fast. [Vine Stalker growth]
  2181 | D:2      | Reached XP level 4. HP: 21/21 MP: 7/9
  2387 | D:2      | Killed Terence
  2519 | D:2      | Learned a level 3 spell: Vampiric Draining
  2925 | D:3      | Found Cizappoz's Antique Weapon Shop.
  2999 | D:3      | Noticed an ogre
  3032 | D:3      | You fall into a shaft and drop 1 floor!
  3041 | D:4      | Noticed a scorpion
  3052 | D:4      | Killed a scorpion
  3053 | D:4      | Reached XP level 5. HP: 24/24 MP: 4/11
  3406 | D:4      | Reached XP level 6. HP: 28/28 MP: 12/12
  3446 | D:4      | Found a glowing golden altar of the Shining One.
  3700 | D:4      | Reached skill level 1 in Short Blades
  3700 | D:4      | Reached skill level 5 in Necromancy
  4189 | D:5      | Entered Level 5 of the Dungeon
  4266 | D:5      | Reached skill level 5 in Stealth
  4383 | D:5      | Found a sand-covered staircase.
  4388 | Ossuary  | Entered an ossuary
  4441 | Ossuary  | Reached XP level 7. HP: 32/32 MP: 12/14
  4513 | Ossuary  | Noticed a flying skull
  4513 | Ossuary  | Noticed a wraith
  4530 | Ossuary  | Noticed a flying skull
  4543 | Ossuary  | Noticed a flying skull
  4556 | Ossuary  | Noticed a flying skull
  4738 | Ossuary  | Noticed a wraith
  4748 | Ossuary  | Killed a wraith
  4907 | Ossuary  | Noticed a wraith
  5047 | D:5      | Found a sacrificial altar of Ru.
  5187 | D:3      | Found a hazy altar of Hepliaklqana.
  5319 | D:3      | Gained mutation: You have razor-sharp teeth. [Vine Stalker
                  | growth]
  5319 | D:3      | Reached XP level 8. HP: 36/36 MP: 15/15
  5546 | D:5      | Found Quoriqate's Weapon Shop.
  5549 | D:5      | Bought a +1 dagger of speed for 195 gold pieces
  5640 | D:5      | Found an opulent altar of Gozag.
  5682 | D:5      | Found a staircase to the Ecumenical Temple.
  5714 | D:5      | Noticed Edmund
  5844 | D:5      | Noticed Grinder
  5847 | D:5      | Killed Grinder
  5854 | D:5      | Noticed Sigmund
  5891 | Temple   | Entered the Ecumenical Temple
  5891 | Temple   | Found a transporter.
  5891 | Temple   | Found a transporter.
  5893 | Temple   | Found a transporter.
  5893 | Temple   | Found a transporter.
  6218 | D:6      | Noticed Duvessa
  6218 | D:6      | Noticed Dowan
  6234 | D:6      | Killed Duvessa
  6235 | D:6      | Reached skill level 5 in Spellcasting
  6242 | D:6      | Killed Dowan
  6502 | D:6      | Identified a scroll of acquirement
  6502 | D:6      | Acquired the ring of Baic {rElec rC+ rN+ Str-2 Stlth+}
  6754 | D:6      | Reached XP level 9. HP: 34/39 MP: 15/18
  6979 | D:6      | Found an ornate altar of the Wu Jian Council.
  7797 | D:7      | Reached skill level 5 in Dodging
  7819 | D:7      | Got Khufu's Compendium of Evil
  8203 | D:7      | Noticed a gargoyle
  8628 | D:7      | Found Toer's Neck Hole.
  8872 | D:7      | Reached XP level 10. HP: 44/44 MP: 16/20
  8892 | D:7      | Learned a level 4 spell: Animate Dead
  9554 | D:8      | Found a hide-covered altar of Uskayaw.
  9828 | D:8      | Found an ancient bone altar of Kikubaaqudgha.
  9837 | D:8      | Became a worshipper of Kikubaaqudgha
 10249 | D:9      | Identified the +1 ring mail of Resonance {Str+6}
 10331 | D:9      | Found a staircase to the Orcish Mines.
 10526 | D:9      | Reached skill level 1 in Armour
 10526 | D:9      | Reached * piety under Kikubaaqudgha
 10526 | D:9      | Received a gift from Kikubaaqudgha
 10654 | D:9      | Reached skill level 10 in Necromancy
 10739 | D:8      | Noticed Amaemon
 10754 | D:8      | Noticed a death yak
 11189 | D:9      | Noticed a centaur warrior
 11192 | D:9      | Noticed a centaur warrior
 11199 | D:9      | Noticed a five-headed hydra
 11202 | D:9      | Killed a centaur warrior
 11206 | D:9      | Killed a five-headed hydra
 11210 | D:9      | Killed a centaur warrior
 11211 | D:9      | Reached XP level 11. HP: 47/47 MP: 18/21
 11285 | D:9      | Noticed a purple ugly thing
 11311 | D:9      | Identified the +1 helmet "Qicwablu" {+Inv}
 11323 | D:9      | Killed a purple ugly thing
 11418 | D:7      | Bought a scarf of repulsion for 180 gold pieces
 11816 | D:10     | Entered Level 10 of the Dungeon
 11817 | D:10     | Found an iron altar of Okawaru.
 11826 | D:10     | Found a flagged portal.
 11856 | D:10     | Reached ** piety under Kikubaaqudgha
 11881 | Bailey   | Entered a bailey
 12085 | Bailey   | Noticed an orc knight
 12155 | Bailey   | Killed an orc knight
 12196 | Bailey   | Found a large runed translucent door.
 12196 | Bailey   | Found a large runed translucent door.
 12197 | Bailey   | Noticed a deep elf zephyrmancer
 12275 | Bailey   | Killed a deep elf zephyrmancer
 12276 | Bailey   | Reached skill level 5 in Short Blades
 12288 | Bailey   | Identified the +0 pair of gloves "Iczipn" {rF+}
 12638 | D:10     | Reached skill level 1 in Evocations
 12790 | D:10     | Noticed Sonja
 12841 | D:10     | Killed Sonja
 12866 | D:10     | Noticed a cyclops
 12872 | D:10     | Your ally Sonja died
 12989 | D:10     | Reached *** piety under Kikubaaqudgha
 12989 | D:10     | Received a gift from Kikubaaqudgha
 13082 | D:10     | Reached skill level 10 in Stealth
 13082 | D:10     | Reached XP level 12. HP: 51/51 MP: 22/22
 13083 | D:10     | Reached skill level 5 in Evocations
 13083 | D:10     | Reached XP level 13. HP: 55/55 MP: 23/23
 13097 | D:10     | Identified the +1 plate armour of Hopscotch {Drain rN+++
                  | Dex+3}
 13134 | D:10     | Found a staircase to the Lair.
 13286 | D:10     | Reached XP level 14. HP: 48/59 MP: 18/24
 13523 | D:10     | Found a blossoming altar of Fedhas.
 13622 | Lair:1   | Entered Level 1 of the Lair of Beasts
 13696 | Lair:1   | Reached skill level 1 in Fighting
 13818 | Lair:1   | Found a transporter.
 13852 | Lair:1   | Reached **** piety under Kikubaaqudgha
 13871 | Lair:1   | Noticed Urug
 13994 | Lair:1   | Noticed Iamsock's ghost (journeyman DrDe)
 13994 | Lair:1   | Identified the ring of Tomext {rPois rC+}
 14017 | Lair:1   | Learned a level 5 spell: Agony
 14022 | Lair:1   | Learned a level 4 spell: Dispel Undead
 14039 | Lair:1   | Killed Urug
 14295 | Lair:1   | Found a transporter.
 14324 | Lair:1   | Found a bloodstained altar of Trog.
 15227 | Lair:1   | Identified the +7 arbalest "Goblinbane" {elec, rPois rC+
                  | Int+7 Dex-5}
 15685 | Lair:2   | Found a staircase to the Shoals.
 16076 | Lair:2   | Found a hole to the Spider Nest.
 16935 | Lair:3   | Noticed Snorg
 16948 | Lair:3   | Killed Snorg
 17097 | Lair:3   | Found a shimmering blue altar of Sif Muna.
 17371 | Lair:3   | Reached ***** piety under Kikubaaqudgha
 18387 | Lair:4   | You fall into a shaft and drop 2 floors!
 18387 | Lair:6   | Entered Level 6 of the Lair of Beasts
 18477 | Lair:6   | Found a staircase to the Slime Pits.
 18647 | Lair:6   | Reached XP level 15. HP: 65/70 MP: 25/25
 19567 | Lair:5   | Learned a level 4 spell: Anguish
 19779 | Lair:5   | Reached skill level 1 in Hexes
 19815 | Lair:5   | Reached skill level 5 in Fighting
 21247 | D:3      | Bought a glowing short sword for 180 gold pieces
 21249 | D:3      | Bought an ancient shortbow for 240 gold pieces
 21249 | D:3      | Identified the +4 shortbow of Plague {speed, rElec rC+
                  | Str+2 SInv} (You bought it in a shop on level 3 of the
                  | Dungeon)
 21818 | Lair:6   | Reached skill level 15 in Necromancy
 21822 | Lair:6   | Reached skill level 1 in Ranged Weapons
 22349 | D:11     | Identified the +3 scale mail of Pride {rF+++ Str+7 Dex-5}
 22489 | D:11     | Identified the ring of Mieqaiqu {+Blink rC+ rN+ Dex-5}
 22962 | D:11     | Found a portal to a secret trove of treasure.
 23590 | D:13     | Found a transporter.
 23612 | D:13     | Found a transporter.
 24124 | D:13     | Noticed Maurice
 24140 | D:13     | Killed Maurice
 24212 | D:13     | Your ally Maurice died
 24217 | D:13     | Reached XP level 16. HP: 70/77 MP: 18/27
 24470 | D:13     | Found a gate to the Vaults.
 25032 | D:14     | Found a runed translucent gate.
 25034 | D:14     | Found a runed translucent gate.
 25034 | D:14     | Found a runed translucent gate.
 25037 | D:14     | Noticed Mostra's ghost (journeyman DjFE)
 25046 | D:14     | Found an iron altar of Okawaru.
 25210 | D:14     | Reached skill level 10 in Short Blades
 25437 | D:14     | Identified the +6 dire flail of the Foot {drain, rN+ Str-2
                  | Int+4}
 25475 | D:14     | Killed Mostra's ghost
 25654 | D:14     | Learned a level 5 spell: Borgnjor's Vile Clutch
 25764 | D:14     | Reached skill level 1 in Earth Magic
 26360 | D:15     | Entered Level 15 of the Dungeon
 26372 | D:15     | Noticed Nessos
 26380 | D:15     | Killed Nessos
 26471 | D:15     | Noticed Rupert
 26625 | D:15     | Killed Rupert
 26711 | D:15     | Found a frozen archway.
 26791 | D:15     | Noticed Josephine
 26808 | D:15     | Killed Josephine
 26998 | D:15     | Found a staircase to the Depths.
 27002 | D:15     | Reached skill level 5 in Hexes
 27149 | Orc:1    | Entered Level 1 of the Orcish Mines
 27160 | Orc:1    | Found Sath's Weapon Emporium.
 27161 | Orc:1    | Noticed Fannar
 27182 | Orc:1    | Killed Fannar
 27488 | Orc:2    | Entered Level 2 of the Orcish Mines
 27537 | Orc:2    | Found a staircase to the Elven Halls.
 27682 | Orc:2    | Found Zuhikin's Jewellery Shoppe.
 27837 | Orc:2    | Reached skill level 15 in Stealth
 27893 | Orc:2    | Found Fohagups's Antique Weapon Emporium.
 27913 | Orc:2    | Found Oteat's Antique Armour Shoppe.
 28014 | Orc:2    | Bought a pair of runed gloves for 247 gold pieces
 28616 | Orc:2    | Found Etematz's Weapon Shop.
 29082 | Orc:1    | Reached XP level 17. HP: 84/84 MP: 29/29
 29501 | D:3      | Bought a scorched arbalest for 285 gold pieces
 29501 | D:3      | Identified the +10 arbalest of the Final Decision {elec,
                  | rF++ rC+++ MP-9 Str+3} (You bought it in a shop on level 3
                  | of the Dungeon)
 29941 | Spider:1 | Entered Level 1 of the Spider Nest
 31211 | Spider:1 | HP: 4/84 [something (6)]
 32498 | Spider:1 | Upgraded the game from 0.29-a0-775-g4d7333d4e2 to
                  | 0.29-a0-789-g7a8fcbc185
 32708 | Orc:2    | Bought a ring of see invisible for 210 gold pieces
 33549 | Spider:2 | Reached skill level 5 in Ranged Weapons
 36506 | Lair:1   | Killed Iamsock's ghost
 37705 | Spider:3 | Learned a level 3 spell: Dazzling Flash
 37887 | Spider:3 | Reached skill level 1 in Conjurations
 37887 | Spider:3 | Reached skill level 5 in Earth Magic
 38476 | D:3      | Bought a dazzling morningstar for 270 gold pieces
 38476 | D:3      | Identified the +1 morningstar of Cheibriados {flame, rElec
                  | Will+ Dex+4} (You bought it in a shop on level 3 of the
                  | Dungeon)
 38814 | Spider:4 | Entered Level 4 of the Spider Nest
 38840 | Spider:4 | Noticed Donald
 38848 | Spider:4 | Killed Donald
 38849 | Spider:4 | Reached XP level 18. HP: 70/90 MP: 12/31
 40417 | Spider:4 | Got a gossamer rune of Zot
 40956 | Shoals:1 | Entered Level 1 of the Shoals
 42119 | Shoals:2 | Learned a level 6 spell: Death Channel
 42163 | Shoals:2 | Noticed Ilsuiw
 42173 | Shoals:2 | Killed Ilsuiw
 42506 | Shoals:3 | Found Afitiaxo's Book Shop.
 42628 | Shoals:3 | Bought a book of Geomancy for 234 gold pieces
 42665 | Shoals:3 | Noticed Aizul
 42682 | Shoals:3 | Killed Aizul
 42737 | Shoals:3 | Noticed Polyphemus
 42751 | Shoals:3 | Killed Polyphemus
 43204 | Shoals:3 | Reached XP level 19. HP: 95/95 MP: 27/33
 43460 | Shoals:3 | Identified Roxanne's Catalogue of Stones
 43460 | Shoals:3 | Noticed Roxanne
 43739 | Shoals:3 | Noticed Mlioglotl
 44432 | Shoals:4 | Entered Level 4 of the Shoals
 44515 | Shoals:4 | Identified the +1 hand axe of Wyvieshro {vorpal, *Noise
                  | rF+++ Str-4 SInv}
 44645 | Shoals:4 | Got a barnacled rune of Zot
 44710 | Shoals:4 | Noticed Louise
 44746 | Shoals:4 | Killed Louise
 45261 | Elf:1    | Entered Level 1 of the Elven Halls
 45604 | Abyss:3  | Cast into level 3 of the Abyss (a deep elf demonologist)
 45643 | Elf:1    | Escaped the Abyss
 45712 | Elf:1    | Reached skill level 10 in Ranged Weapons
 46057 | Elf:1    | Paralysed by an air elemental for 1 turns
 46629 | Elf:1    | Found Siaviaj's Jewellery Boutique.
 46694 | Elf:1    | Killed from afar by a deep elf knight

Illustrated notes

Levels and vault maps discovered:
D:1:      wander_arrival_abandoned_jail, layout_loops_cross,
          hellmonk_ecumenical_altar_defaced_shrine, minmay_misc_feat_ornament
D:2:      layout_loops_ring, basic_altar, uniq_terence
D:3:      layout_rooms, marbit_many_paths, serial_shops, shop
D:4:      layout_basic, tso_oasis_becter, serial_aquarium,
          aquarium_bridge_island_large [aquarium_subvault_large_water,
          aquarium_subvault_balcony, aquarium_subvault_bridge,
          aquarium_subvault_bridge, aquarium_subvault_wall],
          aquarium_bridge_square [aquarium_subvault_bridge,
          aquarium_subvault_window, aquarium_subvault_bridge,
          aquarium_subvault_window], aquarium_window_2, aquarium_window_1,
          aquarium_window_1, aquarium_window_3, aquarium_view_2g
D:5:      layout_loops_ring, mainiacjoe_overflow_alcove_1,
          kennysheep_little_box, minmay_temple_entry_glassed_door, serial_shops,
          kennysheep_mini, nicolae_ossuary_entry_false_entrances,
          serial_park_tiny_2, uniq_sigmund, uniq_grinder, uniq_edmund
D:6:      layout_basic, nicolae_wu_jian_glorious_leap, corner_web_ring,
          minmay_bent, uniq_duvessa
D:7:      minmay_clustersquares, layout_loops_ring,
          nicolae_shop_sticking_my_neck_out
D:8:      layout_basic, mainiacjoe_overflow_tiny_flanked,
          mainiacjoe_overflow_cross_hatched, serial_ice, serial_ice_f,
          serial_ice_n, serial_ice_l, serial_ice_m, uniq_amaemon
D:9:      minmay_inner_zag, layout_cave_pools, minmay_fractal_squares_gapless_7
D:10:     lemuel_reptile_caves, layout_basic, mainiacjoe_overflow_brackets,
          lemuel_coloured_pillars_altar, enter_bailey_5, minivault_20,
          dreamdust_gnoll_shepherd, uniq_sonja
D:11:     layout_small_grid, nicolae_trove_entry_crystal
D:12:     layout_rooms, serial_glass, glass_columns_c, glass_columns_a,
          lemuel_old_faithful
D:13:     gammafunk_wand_slinger, layout_gridville,
          grunt_vaults_entry_fortified, kennysheep_decorative_pillar,
          uniq_maurice
D:14:     layout_basic, minivault_14, gammafunk_ghost_fury_of_okawaru
D:15:     grunt_enter_depths_snipers, layout_cave_pools, minivault_23,
          portal_ice_cave_entry_pillars_four, uniq_nessos, uniq_rupert,
          uniq_josephine
Temple:   hellmonk_temple_divided_pantheon
Lair:1:   layout_chaotic_city, gammafunk_ghost_wrathful_warriors,
          minmay_stone_trees_small, disabler_island, serial_bayou_shore_b,
          uniq_urug
Lair:2:   layout_loops_ring, elwin_shoals_entry_rocks, spider_nest_entry_rubble,
          lightli_volcano_entry_magma_tube, grunt_megastairs_3
Lair:3:   layout_cave_pods, lemuel_oklob_altar, uniq_snorg
Lair:4:   layout_hall_layers, cheibrodos_lair_caveside_slide,
          nicolae_lair_lindhole, lemuel_fruit_fields, serial_bayou_shore_b,
          infiniplex_staircase_pool_2
Lair:5:   regret_index_tunnel_blossom, layout_small_grid
Lair:6:   grunt_lair_end_beastmaster, layout_misc_corridors, slime_entry_1,
          serial_bayou_shore_b
Shoals:1: layout_shoals, nicolae_shoals_land_atoll
Shoals:2: layout_shoals, uniq_ilsuiw
Shoals:3: layout_shoals, serial_shops, nicolae_shop_crystal, st_sunken_huts,
          uniq_mlioglotl, uniq_polyphemus, uniq_roxanne, uniq_aizul
Shoals:4: shoals_end_simple, layout_shoals, minmay_shop_enchanted_jewellery,
          nicolae_shop_overcharged_wands, uniq_louise
Spider:1: layout_spider_delve
Spider:2: layout_spider_delve
Spider:3: layout_spider_delve, nicolae_spider_wall_of_niches
Spider:4: grunt_spider_rune_parallel, uniq_donald
Orc:1:    layout_caves, serial_shops, shop, uniq_fannar
Orc:2:    grunt_orc_community_town_hall, layout_caves,
          grunt_orc_community_big_house_2, grunt_orc_community_big_house_2,
          grunt_orc_community_house_3, grunt_orc_community_house_3,
          grunt_orc_community_house_1, grunt_orc_community_house_2,
          nicolae_orc_stony_grotto
Elf:1:    eino_elf_arrival_customs, layout_geoelf_octagon, serial_shops,
          nicolae_lakefront_shop, portal_desolation_entry_salt,
          evilmike_minifort, nicolae_elf_theology_debate

Skill      XL: |  1  2  3  4  5  6  7  8  9 10 11 12 13 14 15 16 17 18 19 |
---------------+----------------------------------------------------------+-----
Stealth        | 3 4 5 7 8 10 11 13 14 15 16 | 16.6
Dodging        | 2 3 4 5 6 7 8 9 |  9.0
Spellcasting   | 3 4 5 6 7 8 9 |  9.7
Short Blades   | 1 2 3 4 6 7 8 9 10 11 12 | 12.0
Necromancy     | 5 6 7 11 13 14 15 16 | 16.6
Armour         | 4 |  4.0
Evocations     | 4 5 7 8 9 |  9.3
Fighting       | 4 5 7 8 |  8.8
Hexes          | 3 5 6 8 |  8.0
Ranged Weapons | 2 4 5 7 11 | 11.0
Earth Magic    | 3 5 6 |  6.4
Conjurations   | 1 4 |  4.1

Action                   |  1- 3 |  4- 6 |  7- 9 | 10-12 | 13-15 | 16-18 | 19-21 || total
-------------------------+-------+-------+-------+-------+-------+-------+-------++-------
Melee: Unarmed           |    23 |       |       |       |       |       |       ||    23
       Bite              |    19 |    18 |    83 |    89 |   462 |   686 |   133 ||  1490
       Punch             |     1 |     1 |     2 |     5 |    21 |    34 |     5 ||    69
       Short sword       |    54 |    69 |   252 |   310 |  1054 |  1491 |   301 ||  3531
       Whip              |     1 |       |       |       |       |       |       ||     1
       Staff             |       |       |       |       |       |     8 |       ||     8
 Fire: Arbalest          |       |       |       |       |     1 |     9 |       ||    10
       Shortbow          |       |       |       |       |    33 |   152 |   101 ||   286
Throw: Javelin           |       |       |       |     1 |     1 |     6 |       ||     8
       Dart              |       |       |       |       |     4 |     4 |       ||     8
       Throwing net      |       |       |       |       |     1 |     2 |     2 ||     5
 Cast: Necrotize         |    24 |    22 |    36 |    85 |    25 |    24 |       ||   216
       Vampiric Draining |       |       |       |     3 |    30 |    15 |     7 ||    55
       Animate Dead      |       |       |       |     7 |    21 |    21 |     3 ||    52
       Agony             |       |       |       |       |    14 |     8 |       ||    22
       Anguish           |       |       |       |       |     3 |     2 |       ||     5
       Dispel Undead     |       |       |       |       |       |     9 |       ||     9
       Borgnjor's Vile C |       |       |       |       |       |    33 |     3 ||    36
       Dazzling Flash    |       |       |       |       |       |     1 |     4 ||     5
       Death Channel     |       |       |       |       |       |     1 |       ||     1
Invok: Unearth Wretches  |       |       |       |     2 |     4 |    46 |    10 ||    62
       Torment           |       |       |       |       |     6 |     1 |       ||     7
Evoke: Wand              |       |     1 |     3 |    19 |    17 |    46 |     5 ||    91
       Condenser vane    |       |       |       |       |     1 |     2 |     1 ||     4
       Tin of tremorston |       |       |       |       |     1 |     2 |       ||     3
       Phantom mirror    |       |       |       |       |       |     2 |       ||     2
       Lightning rod     |       |       |       |       |       |    15 |     2 ||    17
  Use: Scroll            |       |    18 |    13 |    10 |     8 |    19 |     3 ||    71
       Potion            |       |       |     2 |     6 |     7 |     5 |     1 ||    21
 Stab: Sleeping          |     9 |     7 |    14 |     7 |    29 |    48 |     9 ||   123
       Distracted        |       |     2 |     3 |       |    15 |    26 |     7 ||    53
       Invisible         |       |       |     2 |     3 |       |     3 |     1 ||     9
       Paralysed         |       |       |       |     4 |     7 |    60 |    24 ||    95
       Held in net/web   |       |       |       |       |     2 |     1 |     1 ||     4
       Confused          |       |       |       |       |     1 |     1 |       ||     2
       Petrified         |       |       |       |       |       |       |     2 ||     2
Armor: Robe              |    31 |    21 |    50 |       |       |       |       ||   102
       Ring mail         |       |       |       |   144 |   155 |       |       ||   299
       Steam dragon scal |       |       |       |    22 |       |       |       ||    22
       Troll leather arm |       |       |       |       |   245 |   210 |   105 ||   560
       Leather armour    |       |       |       |       |       |   290 |       ||   290
Dodge: Dodged            |    50 |    46 |   138 |   253 |   941 |  1239 |   192 ||  2859
       Repelled          |       |       |       |       |     6 |    11 |    10 ||    27
Block: Other             |       |       |       |       |       |     8 |       ||     8

Table legend: (Time is in decaauts)
 A = Elapsed time spent in this place.
 B = Non-inter-level travel time spent in this place.
 C = Inter-level travel time spent in this place.
 D = Time resting spent in this place.
 E = Time spent auto-exploring this place.
 F = Levels seen in this place.
 G = Mean time per level.
                   A        B        C        D        E       F      G
               +--------+--------+--------+--------+--------+-----+--------+
         Total |  48126 |  43848 |   4278 |  12107 |  16083 |  36 | 1336.8 |
       Dungeon |  19291 |  16907 |   2384 |   3120 |   7682 |  15 | 1286.1 |
        Temple |     81 |     81 |      0 |      0 |      0 |   1 |   81.0 |
          Lair |   9763 |   8675 |   1088 |   2176 |   3705 |   6 | 1627.2 |
        Shoals |   4769 |   4557 |    212 |   1196 |   1660 |   4 | 1192.2 |
   Spider Nest |   9434 |   9060 |    374 |   4571 |   1500 |   4 | 2358.5 |
  Orcish Mines |   2236 |   2018 |    218 |    168 |   1007 |   2 | 1118.0 |
   Elven Halls |   1279 |   1279 |      0 |    336 |    509 |   1 | 1279.0 |
         Abyss |     34 |     34 |      0 |      0 |      0 |   1 |   34.0 |
       Ossuary |    603 |    603 |      0 |    297 |      0 |   1 |  603.0 |
        Bailey |    631 |    631 |      0 |    242 |     18 |   1 |  631.0 |
               +--------+--------+--------+--------+--------+-----+--------+

Top non-repeatable levels by time:
Spider:1: 4977 daAuts
  Lair:1: 2550 daAuts
  Lair:2: 2060 daAuts
     D:1: 1994 daAuts
     D:6: 1901 daAuts
     D:7: 1740 daAuts
    D:10: 1728 daAuts
Shoals:2: 1725 daAuts
Spider:4: 1651 daAuts
    D:13: 1607 daAuts
   Orc:2: 1499 daAuts
  Lair:3: 1494 daAuts
     D:8: 1489 daAuts
Spider:3: 1463 daAuts
  Lair:5: 1453 daAuts
